 Dungeon Crawl Stone Soup version 0.30-a0-782-ge64f9170bb (webtiles) character file.

Game seed: 12804956485660618232

837 theswoord the Carver (level 7, -3/52 HPs)
             Began as a Demonspawn Fighter on Mar 15, 2023.
             Slain by an orc priest
             ... wielding a +0 hand axe
              (5 damage)
             ... on level 5 of the Dungeon.
             The game lasted 00:05:51 (4403 turns).

theswoord the Carver (Demonspawn Fighter)           Turns: 4403, Time: 00:05:52

Health: -3/52      AC:  9    Str: 18    XL:     7   Next: 66%
Magic:  7/7        EV:  9    Int: 10    God:
Gold:   185        SH:  0    Dex: 12    Spells: 6/6 levels left

rFire   + . .      SeeInvis .    a - +0 long sword
rCold   + . .      Faith    .    (no shield)
rNeg    . . .      Spirit   .    b - +0 scale mail
rPois   +          Reflect  .    (no helmet)
rElec   +          Harm     .    (no cloak)
rCorr   +          Rampage  .    (no gloves)
Will    .....                    e - +0 pair of boots Stlth
                                 (no amulet)
HPRegen 0.28/turn                (no ring)
MPRegen 0.10/turn                (no ring)

@: mighty, resistant
A: hooves 1, icy blue scales 1, foul stench 1, condensation shield
a: no special abilities


You were on level 5 of the Dungeon.
You visited 1 branch of the dungeon, and saw 5 of its levels.

You collected 185 gold pieces.

Inventory:

Hand Weapons
 a - a +0 long sword (weapon)
Armour
 b - a +0 scale mail (worn)
 c - a +0 buckler
 e - a +0 pair of boots (worn)
 r - a +1 cloak
Jewellery
 m - a ring of flight
 p - a +6 ring of dexterity
Wands
 g - a wand of mindburst (8)
Scrolls
 f - 3 scrolls of teleportation
 l - 2 scrolls of vulnerability
Potions
 d - 2 potions of might
 h - a potion of degeneration
 k - a potion of curing
 n - a potion of invisibility {unknown}
 o - 2 potions of flight {unknown}
 q - a potion of lignification {unknown}


   Skills:
 - Level 3.0 Fighting
 + Level 8.2 Long Blades
 - Level 2.6 Armour
 - Level 2.6 Shields


You had 6 spell levels left.
You didn't know any spells.
Your spell library contained the following spells:

 Spells                   Type           Power      Damage    Failure   Level
 Beastly Appendage        Tmut           0%         N/A       77%         1
 Sublimation of Blood     Necr           0%         N/A       88%         2
 Wereblood                Tmut           0%         N/A       88%         2
 Spider Form              Tmut/Pois      0%         N/A       98%         3
 Summon Hydra             Summ           0%         N/A       100%        7


Dungeon Overview and Level Annotations

Branches:
Dungeon (5/15)             Temple (0/1) D:5

Altars:

Annotations:
D:3 3 runed translucent doors, alfthe's ghost, amateur HuFi


Innate Abilities, Weirdness & Mutations

You have large cloven feet.
You are partially covered in icy blue scales. (AC +2)
You may rarely emit foul miasma when damaged in melee.
A meltable shield of frost defends you. (SH +0)


Message History

You hit the orc wizard.
You kill the orc wizard!
You hit the orc but do no damage. The orc hits you but does no damage.
You closely miss the orc.
The orc priest calls down the wrath of Beogh upon you.
Beogh smites you! The orc hits you with a +0 short sword.
You slash the orc!
You kill the orc!
The orc priest calls down the wrath of Beogh upon you.
Pain shoots through your body!
The orc priest hits you but does no damage.
Items here: )) [[ ††.
You closely miss the orc priest. The orc priest misses you.
You barely miss the orc priest.
The orc priest mumbles some strange prayers to Beogh against you.
Beogh smites you!
* * * LOW HITPOINT WARNING * * *
You hit the orc priest but do no damage.
The orc priest hits you with a +0 hand axe.
* * * LOW HITPOINT WARNING * * *
You feel very mighty all of a sudden.
The orc priest hits you with a +0 hand axe.
* * * LOW HITPOINT WARNING * * *
The orc priest looks satisfied for a moment.
You hit the orc priest but do no damage.
The orc priest misses you.
You closely miss the orc priest. The orc priest barely misses you.
You barely miss the orc priest.
The orc priest hits you but does no damage.
It was a potion of resistance.
You feel protected.
The orc priest hits you with a +0 hand axe.
* * * LOW HITPOINT WARNING * * *
You feel better.
The orc priest calls down the wrath of Beogh upon you.
Pain shoots through your body!
* * * LOW HITPOINT WARNING * * *
You closely miss the orc priest.
The orc priest hits you with a +0 hand axe.
You die...

#.##....# ***.#.##....##
#.##....# *.........# #.......#
*.####...## ####.####
*,####...###### ******* #.#####
*,#......##.... ,,,,,,* #.....#
#.#..#...##.### ,,,,,,***#####.#
#........##.###
,,,,,,,,,,,,,#.####......#.##.##.
,,,,,,,,****,#..@ooo...###.##.##.
,,,,,,*,,,,*,######.#.####.##.##.
,,,,,,,,,,,*,* #.........##....
,,,,,*,*,,,*,* #...###.......<.
,,,,,,,,,,,,,* #...# #.###..###
,,,,*,⌠,*,,,*** #...###.###..###
,,*,,,,,,,*,,,* #...##.........#
*,,,⌠,>,⌠,,,*.####...#.#.#.#..#.#
,,*,,,,,,,*,,.........###..#..#.#


You could see 2 orc priests and an orc.

Vanquished Creatures
  2 ogres (D:5)
  A phantom (D:4)
  A necrophage (D:4)
  A scorpion (D:5)
  2 hounds (D:5)
  Jessica (D:3)
  Natasha (thrice) (D:3)
  Terence (D:3)
  2 orc wizards
  7 gnolls
  4 adders
  6 worms
  3 dart slugs
  14 orcs
  3 endoplasms (D:1)
  3 giant cockroaches
  12 goblins
  7 hobgoblins
  8 jackals
  6 kobolds (D:1)
  5 quokkas
  3 ball pythons
  4 bats
  6 frilled lizards
  5 rats
110 creatures vanquished.

Notes
Turn   | Place    | Note
-------+----------+-------------------------------------------
     0 | D:1      | theswoord the Demonspawn Fighter began the quest for the
                  | Orb.
     0 | D:1      | Reached XP level 1. HP: 18/18 MP: 1/1
    56 | D:1      | Reached skill level 2 in Long Blades
   184 | D:1      | Gained mutation: You are partially covered in icy blue
                  | scales. (AC +2) [demonic ancestry]
   184 | D:1      | Reached XP level 2. HP: 17/24 MP: 2/2
   320 | D:1      | Reached skill level 3 in Long Blades
   527 | D:1      | Gained mutation: You may rarely emit foul miasma when
                  | damaged in melee. [demonic ancestry]
   527 | D:1      | Reached XP level 3. HP: 29/29 MP: 3/3
  1732 | D:3      | Found a runed translucent gate.
  1734 | D:3      | Found a runed translucent gate.
  1740 | D:3      | Noticed alfthe's ghost (amateur HuFi)
  1767 | D:3      | Reached skill level 4 in Long Blades
  1767 | D:3      | Gained mutation: A meltable shield of frost defends you.
                  | (SH +0) [demonic ancestry]
  1767 | D:3      | Reached XP level 4. HP: 29/35 MP: 4/4
  1814 | D:3      | Noticed Terence
  1821 | D:3      | Killed Terence
  1873 | D:3      | Noticed Natasha
  1879 | D:3      | Killed Natasha
  1980 | D:3      | Reached XP level 5. HP: 37/41 MP: 5/5
  1995 | D:3      | Reached skill level 5 in Long Blades
  2184 | D:3      | Noticed Jessica
  2188 | D:3      | Killed Jessica
  2374 | D:3      | Found a runed translucent gate.
  2595 | D:3      | Noticed Natasha
  2604 | D:3      | Killed Natasha
  2605 | D:3      | Gained mutation: You have large cloven feet. [demonic
                  | ancestry]
  2605 | D:3      | Reached XP level 6. HP: 33/47 MP: 6/6
  2614 | D:3      | Noticed Natasha
  2625 | D:3      | Killed Natasha
  2626 | D:3      | Reached skill level 6 in Long Blades
  3632 | D:5      | Entered Level 5 of the Dungeon
  3728 | D:5      | Reached skill level 7 in Long Blades
  3728 | D:5      | Reached XP level 7. HP: 52/52 MP: 7/7
  4298 | D:5      | Reached skill level 8 in Long Blades
  4402 | D:5      | HP: 1/52 [orc priest/nerve-wracking pain (13)]
  4403 | D:5      | Slain by an orc priest

Skill      XL: |  1  2  3  4  5  6  7 |
---------------+----------------------+-----
Long Blades    | 2 3 4 5 7 8 |  8.2
Fighting       | |  3.0
Armour         | |  2.6
Shields        | |  2.6

Action                     |  1- 3 |  4- 6 |  7- 9 || total
---------------------------+-------+-------+-------++-------
  Melee: Long sword        |   152 |   173 |    80 ||   405
         Punch             |       |     2 |     1 ||     3
    Use: Scroll            |     3 |     5 |     1 ||     9
         Potion            |       |       |     5 ||     5
 Armour: Scale mail        |    93 |    89 |    33 ||   215
  Dodge: Dodged            |    55 |    83 |    35 ||   173
  Block: Buckler           |     2 |       |       ||     2
         Other             |       |    32 |    10 ||    42

Levels and vault maps discovered:
D:1:      dpeg_arrival_orchard, layout_loops_ring
D:2:      layout_loops_corners
D:3:      layout_basic, gammafunk_ghost_split, feat_on_display, uniq_natasha,
          uniq_terence, uniq_jessica
D:4:      layout_basic
D:5:      layout_loops_cross, minmay_temple_entry_sparse_star,
          lightli_church_of_beogh
